Map: Odyssey LE

Players

SamuraiFunn

  • Race: Protoss Protoss
  • Spawn Location: 5:00

A.I. 1 (Elite) - Winner!

  • Race: Terran Terran
  • Spawn Location: 11:00

VOD

Have the link to the VOD?

Description

Time

  • Played on: Nov. 24, 2017, 9:07 p.m.
  • Length: 4:58
Show
View Real Time Build Order
Export as new Build Order

SamuraiFunn Protoss 

Build Orders: 1 Gate Expand 

Get SALT Encoding   

  12  0:01  Probe  
  13  0:13  Probe  
  14  0:19  Pylon  
  14  0:25  Probe  
  15  0:37  Probe (Chrono Boost)  
  15  0:40  Gateway  
  16  0:49  Probe (Chrono Boost)  
  17  0:55  Probe (Chrono Boost), Assimilator  
  18  1:04  Probe  
  19  1:24  Nexus  
  19  1:26  Probe  
  20  1:34  Cybernetics Core  
  20  1:43  Probe  
  21  1:51  Assimilator  
  21  1:55  Probe  
  22  2:06  Pylon  
  22  2:12  Probe  
  23  2:24  Probe, Zealot  
  25  2:37  Warp Gate (Chrono Boost)  
  25  2:47  Gateway  
  25  2:53  Probe x2  
  25  2:55  Gateway  
  28  3:05  Probe x2  
  29  3:17  Gateway, Probe  
  29  3:18  Probe  
  31  3:29  Probe  
  31  3:30  Probe  
  31  3:31  Adept  
  35  3:41  Assimilator  
  35  3:42  Probe x2  
  35  3:43  Assimilator  
  37  3:53  Pylon  
  37  3:54  Probe x2  
  36  4:10  Zealot x3  
  36  4:11  Zealot  
Show
View Real Time Build Order
Export as new Build Order

A.I. 1 (Elite) Terran - Winner!

Build Orders: MMM Bio 

Get SALT Encoding   

  12  0:00  SCV  
  13  0:13  SCV  
  14  0:18  Supply Depot  
  14  0:25  SCV  
  15  0:39  SCV  
  16  0:44  Barracks  
  16  0:46  Refinery  
  16  0:51  SCV  
  17  1:02  Barracks  
  17  1:04  SCV  
  18  1:16  SCV  
  19  1:30  Marine  
  20  1:34  Orbital Command  
  20  1:42  Barracks  
  20  1:48  Marine  
  20  1:49  Marine  
  22  2:00  Supply Depot  
  23  2:01  SCV  
  23  2:07  Barracks Tech Lab  
  23  2:08  Barracks Tech Lab  
  23  2:21  SCV  
  24  2:25  Marine  
  24  2:26  Marine  
  24  2:29  Marine, Stimpack  
  27  2:30  Concussive Shells  
  27  2:37  Supply Depot  
  27  2:43  Marine  
  27  2:44  Marine  
  28  2:47  Marine  
  28  2:48  SCV  
  31  3:01  Marauder  
  31  3:02  Marauder  
  31  3:04  Marine  
  36  3:09  Supply Depot  
  36  3:20  Combat Shields  
  36  3:22  SCV, Marine x2  
  39  3:29  Supply Depot  
  39  3:31  Marine  
  40  3:39  SCV  
  40  3:40  Marine  
  42  3:43  Refinery  
  42  3:49  Marauder  
  44  3:58  Marauder  
  46  4:06  SCV  
  47  4:10  Marauder  
  47  4:12  Supply Depot  
  49  4:18  SCV  
  49  4:19  Marauder  
  52  4:32  Factory, Marauder  
  56  4:49  Command Center  
  56  4:56  Engineering Bay  
Tags
 
Composition
MMM Bio
Matchup
PvT
Replay Pack
First 100 games
Spawn Locations
Cross Positions
Add a new tag
Caveats
  • Supply blocks, unpowered buildings, or Contaminate may cause inaccurate times.
  • Supply counts are checked every 10 seconds.